 Dungeon Crawl Stone Soup version 0.25.0-15-gac7dcb8919 (webtiles) character file.

Game seed: 4261011005949812195

18333 garmonbozia the Blocker (level 12, -3/84 HPs)
             Began as an Octopode Fighter on June 29, 2020.
             Was an Initiate of Gozag.
             Slain by an orc warrior
             ... wielding a +0 mace
              (19 damage)
             ... on level 2 of the Orcish Mines.
             The game lasted 00:41:56 (21074 turns).

garmonbozia the Blocker (Octopode Fighter)         Turns: 21074, Time: 00:41:58

Health: -3/84      AC:  1    Str: 16    XL:     12   Next: 57%
Magic:  18/18      EV: 16    Int: 14    God:    Gozag
Gold:   2319       SH: 12    Dex: 12    Spells: 11/11 levels left

rFire    . . .     SeeInvis .   a - +1 trident
rCold    . . .     Gourm    .   b - +0 kite shield
rNeg     + . .     Faith    .   (helmet restricted)
rPois    .         Spirit   .   w - amulet of the acrobat
rElec    .         Reflect  .   A - ring of stealth
rCorr    .         Harm     .   H - ring of positive energy
MR       .....                  (no ring)
Stlth    +++.......             (no ring)
HPRegen  0.24/turn              (no ring)
MPRegen  0.16/turn              (no ring)
                                (no ring)
                                (no ring)

@: gold aura
A: almost no armour, stealthy swim, amphibious, 8 rings, constrict 8, camouflage
1, gelatinous body 1
a: Potion Petition, Call Merchant, Bribe Branch, Renounce Religion


You were on level 2 of the Orcish Mines.
You worshipped Gozag.
Gozag was most pleased with you.
You were not hungry.

You visited 3 branches of the dungeon, and saw 14 of its levels.
You also visited: Sewer and Ossuary.

You collected 3580 gold pieces.
You spent 1092 gold pieces at shops.
You paid 169 gold pieces to Gozag.

Inventory:

Hand Weapons
 a - a +1 trident (weapon)
 K - a +2 dagger of venom
Missiles
 u - 27 poisoned darts (quivered)
 O - 8 javelins
Armour
 b - a +0 kite shield (worn)
Jewellery
 w - an amulet of the acrobat (around mantle)
 A - a ring of stealth (left tentacle)
 H - a ring of positive energy (right tentacle)
Wands
 v - a wand of acid (7)
 x - a wand of digging (6)
 C - a wand of iceblast (8)
 M - a wand of random effects (27)
Scrolls
 e - 9 scrolls of teleportation
 g - 5 scrolls of fear
 j - 4 scrolls of remove curse
 k - 3 scrolls of enchant weapon
 m - 7 scrolls of fog
 n - a scroll of magic mapping {unknown}
 o - 2 scrolls of blinking
 p - a scroll of vulnerability {unknown}
 r - a scroll of identify
 y - 2 scrolls of summoning
 B - a scroll of holy word
 J - 2 scrolls of enchant armour
 L - a scroll of immolation
 N - a scroll of noise {unknown}
Potions
 c - 2 potions of might
 f - 4 potions of curing
 h - 2 potions of lignification
 q - 2 potions of ambrosia
 s - 2 potions of stabbing
 t - 5 potions of flight
 z - 2 potions of haste
 F - a potion of cancellation {unknown}
 G - a potion of invisibility {unknown}
 I - a potion of magic {unknown}
Miscellaneous
 D - a tin of tremorstones (inert)
 E - a phantom mirror
Comestibles
 d - 9 rations


   Skills:
 - Level 8.3 Fighting
 - Level 10.0 Polearms
 - Level 6.7 Throwing
 + Level 6.9 Dodging
 - Level 11.0 Shields
 - Level 8.9 Evocations


You had 11 spell levels left.
You didn't know any spells.
Your spell library contained the following spells:

 Spells                   Type           Power        Failure   Level  Hunger
 Freeze                   Ice            #...         43%         1    ##.....
 Magic Dart               Conj           #...         43%         1    ##.....
 Sandblast                Erth           #.....       43%         1    ##.....
 Blink                    Tloc           N/A          58%         2    ###....
 Call Imp                 Summ           #.......     58%         2    ###....
 Passwall                 Tmut/Erth      #.......     58%         2    ###....
 Slow                     Hex            #.......     58%         2    ###....
 Conjure Flame            Conj/Fire      #.......     82%         3    ####...
 Frozen Ramparts          Ice            #.....       82%         3    ####...
 Mephitic Cloud           Conj/Pois/Air  #.......     82%         3    ####...
 Ozocubu's Armour         Chrm/Ice       #.......     82%         3    ####...
 Stone Arrow              Conj/Erth      #.....       82%         3    ####...
 Hailstorm                Conj/Ice       #.......     99%         4    #####..
 Petrify                  Tmut/Erth      #.......     99%         4    #####..
 Summon Ice Beast         Ice/Summ       #.......     99%         4    #####..
 Lee's Rapid Deconstruct  Erth           #.........   100%        5    ######.


Dungeon Overview and Level Annotations

Branches:
Dungeon (11/15)            Temple (1/1) D:6            Lair (0/6) D:9
    Orc (2/2) D:11            Elf (0/3) Orc:2         Sewer (visited)
Ossuary (visited)

Altars:
Ashenzari
Cheibriados
Dithmenos
Elyvilon
Fedhas
Gozag
Hepliaklqana
Kikubaaqudgha
Makhleb
Nemelex Xobeh
Okawaru
Qazlal
Ru
Sif Muna
Trog
Uskayaw
Vehumet
Wu Jian
Xom
Yredelemnul
Zin
The Shining One
Beogh

Shops:
D:6 }

Annotations:
D:3 2 runed translucent doors, deyja's ghost, amateur DrCj
D:8 3 runed translucent doors, DungeonDestroyer's ghost, novice GnFi
Orc:1 1 runed translucent door, Zing's ghost, journeyman SpVM


Innate Abilities, Weirdness & Mutations

You cannot wear most types of armour.
You are very stealthy in the water. (Stealth+)
You are amphibious.
You can wear up to eight rings at the same time.
You can use your tentacles to constrict eight enemies at once.
Your skin changes colour to match your surroundings (Stealth+).
Your rubbery body absorbs attacks. (AC +1, EV +1)


Message History

You closely miss the orc warrior. Your grab misses the orc warrior.
The orc warrior is almost dead.
The orc warrior barely misses you.
You hit the orc warrior but do no damage.
You grab the orc warrior.
The orc warrior is almost dead.
You constrict the orc warrior. You block the orc priest's attack.
The orc warrior hits you with a +0 mace!
* * * LOW HITPOINT WARNING * * *
You hit the orc priest. Your grab misses the orc priest.
The orc priest is moderately wounded.
You constrict the orc warrior. The orc priest closely misses you.
You barely miss the orc priest. You grab the orc priest.
You squeeze the orc priest.
The orc priest is severely wounded.
You constrict the orc priest.
You constrict the orc warrior, but do no damage.
The orc warrior hits you with a +0 mace!!
You die...
Your body crumbles into a pile of gold.

..))(.....#.............##.......
..###.....<.......##)....[#..[.[.
.## ##..^...........[.[..)[.[[[<.
#.####.........#..###.>.......)..
####..(.......######...........##
#...........# #.............#
##.#.......### ##.##..#....#.#
####...(...o## #######...#...
###.....o@# ##..##...# #...##.##
#...###... #..##### #...# ##.#
#### ##.## ### #...# ##.## ###


You could see an orc warrior and an orc priest (strong).

Vanquished Creatures
  A two-headed ogre (D:8)
  An orc high priest (Orc:2)
  3 orc knights
  A cyclops (Orc:2)
  A manticore (D:11)
  A gargoyle (D:9)
  A komodo dragon (D:11)
  3 trolls
  Grinder (D:3)
  Prince Ribbit (D:7)
  A hippogriff (D:10)
  Sigmund (D:3)
  A shadow (D:9)
  A wraith (D:11)
  14 yaks
  A wyvern (D:8)
  3 hungry ghosts
  A soldier ant (D:11)
  2 wargs (Orc:2)
  Menkaure (D:7)
  A porcupine (D:9)
  24 orc warriors
  3 ice beasts
  2 phantoms (D:8)
  2 black bears (D:10)
  2 sky beasts
  An eye of draining (D:11)
  13 ogres
  4 centaurs
  A big kobold (D:6)
  A crocodile (D:9)
  13 bullfrogs
  2 elf zombies (Ossuary)
  A gnoll sergeant (D:9)
  A wyvern skeleton (D:6)
  A water moccasin skeleton (D:9)
  4 scorpions
  12 killer bees
  A howler monkey (D:7)
  6 crimson imps
  2 quasits
  5 human zombies (Ossuary)
  5 centaur zombies (Ossuary)
  10 hounds
  4 jellies
  17 orc wizards
  A bullfrog skeleton (D:9)
  20 orc priests
  A gnoll shaman (D:6)
  Jessica (D:3)
  3 centaur skeletons
  Terence (D:3)
  3 iguanas
  15 worker ants
  A killer bee zombie (D:9)
  2 hound skeletons (D:4)
  3 mummies (Ossuary)
  A worker ant zombie (D:10)
  9 gnolls
  18 adders
  A shadow imp (D:7)
  10 oozes
  6 worms
  A dart slug (D:1)
  16 leopard geckos
  57 orcs
  6 ball pythons (Sewer)
  15 giant cockroaches
  7 goblins
  4 hobgoblins
  20 jackals
  6 quokkas
  4 bats
  18 frilled lizards
  A jackal skeleton (D:8)
  16 kobolds
  A quokka skeleton (D:5)
  A quokka zombie (D:6)
  7 rats
454 creatures vanquished.

Vanquished Creatures (collateral kills)
  An orc priest (Orc:2)
  An orc wizard (Orc:2)
2 creatures vanquished.

Vanquished Creatures (others)
  A fungus (D:9)
1 creature vanquished.

Grand Total: 457 creatures vanquished

Notes
Turn   | Place    | Note
-------+----------+-------------------------------------------
     0 | D:1      | garmonbozia the Octopode Fighter began the quest for the
                  | Orb.
     0 | D:1      | Reached XP level 1. HP: 16/16 MP: 1/1
   159 | D:1      | Reached XP level 2. HP: 21/21 MP: 2/2
   790 | D:1      | You fall into a shaft and drop 1 floor!
   946 | D:2      | Reached XP level 3. HP: 26/26 MP: 3/3
  1673 | D:2      | Reached XP level 4. HP: 25/31 MP: 4/4
  1920 | D:3      | Noticed Grinder
  1929 | D:3      | Killed Grinder
  1929 | D:3      | Reached skill level 5 in Fighting
  1929 | D:3      | Reached XP level 5. HP: 27/39 MP: 5/5
  1929 | D:3      | Reached XP level 6. HP: 31/45 MP: 6/6
  2181 | D:3      | Noticed Jessica
  2188 | D:3      | Killed Jessica
  2221 | D:3      | Found a large runed translucent door.
  2222 | D:3      | Found a large runed translucent door.
  2225 | D:3      | Found a radiant altar of Vehumet.
  2229 | D:3      | Noticed deyja's ghost (amateur DrCj)
  2273 | D:3      | Noticed Sigmund
  2451 | D:3      | Killed Sigmund
  2451 | D:3      | Reached skill level 5 in Polearms
  2451 | D:3      | Reached XP level 7. HP: 34/50 MP: 7/7
  2697 | D:3      | Found a shimmering blue altar of Sif Muna.
  2728 | D:3      | Noticed Terence
  2735 | D:3      | Killed Terence
  3086 | D:4      | Found a sand-covered staircase.
  3194 | Ossuary  | Entered an ossuary
  3256 | Ossuary  | Reached skill level 1 in Evocations
  3447 | Ossuary  | Reached XP level 8. HP: 6/56 MP: 8/10
  3752 | Ossuary  | Reached skill level 5 in Evocations
  3955 | D:4      | Found a glowing golden altar of the Shining One.
  4858 | D:5      | Entered Level 5 of the Dungeon
  5343 | D:5      | Found a basalt altar of Yredelemnul.
  5485 | D:5      | Reached skill level 4 in Shields
  6129 | D:6      | Reached skill level 5 in Shields
  6190 | D:6      | Found a glowing drain.
  6200 | Sewer    | Entered a sewer
  6374 | Sewer    | Reached XP level 9. HP: 60/61 MP: 13/13
  6627 | Sewer    | Reached skill level 6 in Shields
  6964 | D:6      | Found a hazy altar of Hepliaklqana.
  6964 | D:6      | Found a stormy altar of Qazlal.
  6969 | D:6      | Found a blossoming altar of Fedhas.
  6996 | D:6      | Found a staircase to the Ecumenical Temple.
  7016 | Temple   | Entered the Ecumenical Temple
  7216 | Temple   | Became a worshipper of Gozag Ym Sagoz the Greedy
  7395 | D:6      | Reached skill level 7 in Shields
  7581 | D:6      | Found a white marble altar of Elyvilon.
  8115 | D:6      | Found Umar's Gadget Emporium.
  8120 | D:6      | Bought a wand of iceblast (6) for 140 gold pieces
  8500 | D:7      | Reached skill level 8 in Shields
  8803 | D:7      | Noticed Menkaure
  8820 | D:7      | Killed Menkaure
  9095 | D:7      | Found a burning altar of Makhleb.
  9171 | D:7      | Noticed Prince Ribbit
  9189 | D:7      | Killed Prince Ribbit
  9534 | D:7      | Reached XP level 10. HP: 66/66 MP: 14/14
  9718 | D:8      | Found a runed translucent gate.
  9719 | D:8      | Found a runed translucent gate.
  9720 | D:8      | Found a runed translucent gate.
  9733 | D:8      | Found an opulent altar of Gozag.
  9752 | D:8      | Noticed DungeonDestroyer's ghost (novice GnFi)
  9752 | D:8      | Noticed a centaur warrior
  9980 | D:8      | Reached skill level 5 in Throwing
 10242 | D:8      | Found an ornate altar of the Wu Jian Council.
 10253 | D:8      | Noticed a two-headed ogre
 10299 | D:8      | Killed a two-headed ogre
 10864 | D:8      | Found a hide-covered altar of Uskayaw.
 11943 | D:9      | Found a staircase to the Lair.
 12017 | D:9      | Noticed a gargoyle
 12018 | D:9      | Killed a gargoyle
 12790 | D:9      | Reached XP level 11. HP: 34/75 MP: 15/15
 13099 | D:9      | Reached skill level 9 in Shields
 13463 | D:10     | Entered Level 10 of the Dungeon
 13609 | D:10     | Reached skill level 10 in Shields
 14087 | D:10     | Found a white marble altar of Elyvilon.
 14200 | D:10     | Reached skill level 11 in Shields
 15773 | D:6      | Bought a wand of acid (10) for 392 gold pieces
 15773 | D:6      | Bought a tin of tremorstones (3/3) for 560 gold pieces
 16212 | D:11     | Noticed a manticore
 16470 | D:11     | Killed a manticore
 16630 | D:11     | Reached skill level 5 in Dodging
 17627 | D:11     | Found a staircase to the Orcish Mines.
 17918 | Orc:1    | Entered Level 1 of the Orcish Mines
 17926 | Orc:1    | Reached XP level 12. HP: 74/83 MP: 17/17
 18453 | Orc:1    | Found a runed translucent door.
 18455 | Orc:1    | Noticed Zing's ghost (journeyman SpVM)
 18662 | Orc:2    | Entered Level 2 of the Orcish Mines
 18938 | Orc:2    | Found a staircase to the Elven Halls.
 19745 | Orc:2    | Reached skill level 10 in Polearms
 19856 | Orc:2    | Found a roughly hewn altar of Beogh.
 20392 | Orc:2    | Noticed an orc high priest
 20398 | Orc:2    | Killed an orc high priest
 21068 | Orc:2    | HP: 1/84 [orc warrior/+0 mace (21)]
 21074 | Orc:2    | Slain by an orc warrior

Illustrated notes

Levels and vault maps discovered:
D:1:      matt_arrival_grand_opening, layout_basic
D:2:      layout_loops_cross, serial_bayou_pond_b
D:3:      layout_rooms, vehumet_crystals, ebering_ghost_disaster_area,
          st_stairs_14, led_sif_pool, uniq_jessica, uniq_sigmund, uniq_terence,
          uniq_grinder
D:4:      layout_basic, old_standard_altar, enter_ossuary_2, first_ration
D:5:      layout_cave_pods, basic_altar
D:6:      layout_loops_ring, lemuel_round_altar, nicolae_overflow_hidden_temple,
          minmay_temple_entry_mini_moons, serial_shops, shop,
          portal_sewer_entry_d, kennysheep_decorative_pillar
D:7:      layout_loops_corners, lemuel_crystal_altar, uniq_prince_ribbit1,
          uniq_menkaure
D:8:      layout_rooms, kennysheep_little_box, kennysheep_mini,
          ebering_ghost_gozag
D:9:      layout_gridville, grunt_lair_entry_orc_guard_hut
D:10:     layout_rooms, basic_altar, hangedman_little_slice_of_home
D:11:     layout_basic, orc_0_dummy
Temple:   oiseaux_autumnal_temple
Orc:1:    layout_caves, ebering_ghost_inner_flame
Orc:2:    st_orc_pillars, layout_diamond_mine, basic_altar

Skill      XL: |  1  2  3  4  5  6  7  8  9 10 11 12 |
---------------+-------------------------------------+-----
Polearms       | 3 4 5 7 9 10 | 10.0
Fighting       | 5 7 8 |  8.3
Evocations     | 3 6 7 8 |  8.9
Shields        | 5 8 11 | 11.0
Throwing       | 3 5 6 |  6.7
Dodging        | 5 6 |  6.9

Action                   |  1- 3 |  4- 6 |  7- 9 | 10-12 || total
-------------------------+-------+-------+-------+-------++-------
Melee: Trident           |    77 |    39 |   527 |   744 ||  1387
       Constrict         |    13 |     7 |    79 |    94 ||   193
       Tentacles         |     7 |     6 |    74 |   132 ||   219
Throw: Dart              |       |       |    12 |   185 ||   197
       Javelin           |       |       |     4 |    18 ||    22
Evoke: Wand              |       |       |       |    30 ||    30
       Tin of tremorston |       |       |       |     3 ||     3
  Use: Potion            |       |     1 |     5 |     2 ||     8
       Scroll            |       |       |    16 |     4 ||    20
 Stab: Sleeping          |    10 |     5 |    24 |    15 ||    54
       Distracted        |       |       |     1 |     4 ||     5
       Confused          |       |       |       |     1 ||     1
  Eat: Chunk             |     2 |     2 |    12 |       ||    16
       Ration            |       |       |     3 |    12 ||    15
Armor: Skin              |     5 |     2 |    29 |     9 ||    45
Dodge: Dodged            |    19 |     9 |   137 |   215 ||   380
Block: Kite shield       |    14 |     8 |   177 |   290 ||   489
